 Dungeon Sprint DCSS version 0.19-a0-1886-gd64a0f0 (webtiles) character file.

1173 poirepourri the Geomancer (level 8, -3/41 HPs)
             Began as a Gargoyle Earth Elementalist on Oct 16, 2016.
             Was a Follower of Vehumet.
             Slain by a deep troll (9 damage)
             ... in the Dungeon (Sprint I: "Red Sonja").
             The game lasted 00:01:39 (608 turns).

poirepourri the Geomancer (GrEE)                     Turns: 608, Time: 00:01:40

Health: -3/41      AC:  8    Str: 11    XL:     8   Next: 41%
Magic:  18/24      EV: 12    Int: 19    God:    Vehumet [*.....]
Gold:   466        SH:  0    Dex: 10    Spells: 5 memorised, 16 levels left

rFire  . . .     SeeInvis .     (no weapon)
rCold  . . .     Gourm    .     c - +0 robe
rNeg   + . .     Faith    .     (no shield)
rPois  ∞         Spirit   .     (no helmet)
rElec  +         Dismiss  .     (no cloak)
rCorr  .         Reflect  .     (no gloves)
MR     .....     Harm     .     l - +0 pair of boots
Stlth  ++........ NoTele   +    (no amulet)
                                (no ring)
                                (no ring)

@: no status effects
A: negative energy resistance 1, electricity resistance, unbreathing,
petrification resistance, rot immunity, AC +5
a: Renounce Religion


You were in the Dungeon.
You worshipped Vehumet.
Vehumet was aware of your devotion.
You were not hungry.

You visited 1 branch You collected 524 gold pieces.
You spent 58 gold pieces at shops.

Inventory:

Armour
 c - a +0 robe (worn)
 l - a +0 pair of boots (worn)
Wands
 a - a wand of slowing (21/48)
Scrolls
 j - a scroll of blinking
Potions
 e - a potion of curing
 f - a potion of heal wounds
 g - a potion of haste
 h - a potion of magic
 i - a potion of berserk rage
Books
 k - a book of Geomancy

   Spells                             Type                      Level
   a - Sandblast                      Earth                        1
   b - Passwall                       Transmutation/Earth          2
   c - Stone Arrow                    Conjuration/Earth            3
   d - Petrify                        Transmutation/Earth          4
   e - Lee's Rapid Deconstruction     Earth                        5
Comestibles
 d - a bread ration


   Skills:
 - Level 1.5 Dodging
 - Level 2.1 Stealth
 * Level 12.0 Spellcasting
 + Level 2.1 Conjurations
 + Level 0.7 Transmutations
 + Level 14.3 Earth Magic


You had 16 spell levels left.
You knew the following spells:

 Your Spells              Type           Power        Failure   Level  Hunger
a - Sandblast             Erth           ######       1%          1    None
b - Passwall              Tmut/Erth      #####.....   1%          2    None
c - Stone Arrow           Conj/Erth      #####.       1%          3    None
d - Petrify               Tmut/Erth      #####...     2%          4    ##.....
e - Lee's Rapid Deconstr  Erth           ######....   1%          5    ####...


Dungeon Overview and Level Annotations

Branches:
Dungeon (1/1)

Altars:
Cheibriados
Dithmenos
Elyvilon
Fedhas
Gozag
Hepliaklqana
Kikubaaqudgha
Makhleb
Nemelex Xobeh
Okawaru
Qazlal
Ru
Sif Muna
Trog
Uskayaw
Vehumet
Xom
Yredelemnul
Zin
The Shining One
Jiyva
Lugonu

Shops:
D [}


Innate Abilities, Weirdness & Mutations

You are resistant to torment.
Your stone body is resilient. (AC +5)
You are immune to poison.
You resist negative energy. (rN+)
You are resistant to electric shocks. (rElec)
You can survive without breathing.
You are immune to petrification.
You are immune to rotting.


Message History

Aiming: Sandblast
Press: ? - help, Shift-Dir - straight line, f/p - deep troll
Aim: a deep troll (moderately wounded)
The rocky blast hits the deep troll.
The deep troll is moderately wounded.
You are now empty-handed.
The deep troll closely misses you. The deep troll claws you!
The deep troll claws you but does no damage.
Casting: Sandblast
Confirm with . or Enter, or press ? or * to list all spells.
Aiming: Sandblast
Press: ? - help, Shift-Dir - straight line, f/p - deep troll
Aim: a deep troll (moderately wounded)
The blast of sand hits the deep troll.
The deep troll is heavily wounded.
The deep troll bites you!!
Ouch! That really hurt!
* * * LOW HITPOINT WARNING * * *
The deep troll claws you!
You die...

#..#####'#####'#__####
#..####..#...#.####
#..#__####..##[#
#..#_____##'#..+
#⌠⌠#_.∩...'..._#
####_..__##_.#'#
#_____###'#[#
############.####+###
#∩........'.)@T$$.$$+
###++++####...#######
##.## #+#


You could see a deep troll.

Vanquished Creatures
  Sonja (D)
  A slime creature (D)
  Sigmund (D)
  A yak (D)
  An ogre (D)
  A jelly (D)
  Ijyb (D)
7 creatures vanquished.

Notes
Turn   | Place    | Note
-------+----------+-------------------------------------------
     0 | D        | poirepourri the Gargoyle Earth Elementalist began the quest for the Orb.
     0 | D        | Reached XP level 1. HP: 10/10 MP: 3/3
     2 | D        | Noticed Ijyb
    10 | D        | Killed Ijyb
    10 | D        | Reached skill level 6 in Earth Magic
    10 | D        | Reached XP level 2. HP: 10/15 MP: 0/7
    10 | D        | Reached XP level 3. HP: 13/19 MP: 0/8
   176 | D        | Learned a level 2 spell: Passwall
   180 | D        | Learned a level 3 spell: Stone Arrow
   180 | D        | Noticed an ogre
   183 | D        | Killed an ogre
   183 | D        | Reached skill level 8 in Earth Magic
   183 | D        | Reached XP level 4. HP: 24/24 MP: 6/12
   243 | D        | Learned a level 4 spell: Petrify
   245 | D        | Noticed Sigmund
   248 | D        | Killed Sigmund
   248 | D        | Reached skill level 11 in Earth Magic
   248 | D        | Reached XP level 5. HP: 28/28 MP: 9/15
   248 | D        | Reached XP level 6. HP: 32/32 MP: 10/17
   304 | D        | Found a deep blue altar of Sif Muna.
   312 | D        | Learned a level 5 spell: Lee's Rapid Deconstruction
   312 | D        | Found a radiant altar of Vehumet.
   330 | D        | Became a worshipper of Vehumet
   354 | D        | Found Nuleih's Gadget Emporium.
   354 | D        | Found an ancient bone altar of Kikubaaqudgha.
   354 | D        | Found a hazy altar of Hepliaklqana.
   354 | D        | Found a stormy altar of Qazlal.
   354 | D        | Found a hide-covered altar of Uskayaw.
   354 | D        | Found a blossoming altar of Fedhas.
   354 | D        | Found a bloodstained altar of Trog.
   354 | D        | Found an iron altar of Okawaru.
   354 | D        | Found a basalt altar of Yredelemnul.
   354 | D        | Found a glowing golden altar of the Shining One.
   354 | D        | Found a snail-covered altar of Cheibriados.
   354 | D        | Found a sacrificial altar of Ru.
   354 | D        | Found a glowing silver altar of Zin.
   354 | D        | Found a shadowy altar of Dithmenos.
   354 | D        | Found a white marble altar of Elyvilon.
   354 | D        | Noticed a yak
   357 | D        | Killed a yak
   357 | D        | Reached skill level 12 in Earth Magic
   357 | D        | Reached XP level 7. HP: 36/36 MP: 13/20
   358 | D        | Found an opulent altar of Gozag.
   359 | D        | Found a sparkling altar of Nemelex Xobeh.
   411 | D        | Found a burning altar of Makhleb.
   411 | D        | Found a shimmering altar of Xom.
   411 | D        | Noticed a slime creature
   418 | D        | Killed a slime creature
   418 | D        | Reached skill level 10 in Spellcasting
   418 | D        | Reached skill level 1 in Conjurations
   421 | D        | Found a viscous altar of Jiyva.
   421 | D        | Found a corrupted altar of Lugonu.
   473 | D        | Noticed Sonja
   474 | D        | Killed Sonja
   474 | D        | Reached * piety under Vehumet
   474 | D        | Offered knowledge of Sting by Vehumet.
   474 | D        | Reached skill level 14 in Earth Magic
   474 | D        | Reached XP level 8. HP: 41/41 MP: 20/24
   490 | D        | Found Niotoot's Armour Boutique.
   498 | D        | Bought a +0 pair of boots for 58 gold pieces
   604 | D        | Noticed a deep troll
   608 | D        | Slain by a deep troll

Vault maps used:
D:        dungeon_sprint_1

Skill      XL: |  1  2  3  4  5  6  7 |
---------------+----------------------+-----
Spellcasting   | 4 6 8 9 12 | 12.0
Earth Magic    | 6 8 11 12 14 | 14.3
Conjurations   | 2 |  2.1
Dodging        | |  1.5
Stealth        | |  2.1
Transmutations | |  0.7

Action                   |  1- 3 |  4- 6 |  7- 9 || total
-------------------------+-------+-------+-------++-------
 Cast: Sandblast         |     8 |     5 |     8 ||    21
       Stone Arrow       |       |     3 |     3 ||     6
  Use: Potion            |     1 |       |       ||     1
Armor: Robe              |     1 |       |     2 ||     3
Dodge: Dodged            |     2 |     1 |     1 ||     4
